 Dungeon Crawl Stone Soup version 0.28.0-45-g0d030f2227 (webtiles) character file.

Game seed: 9280523536543425524

41 seaoflcl the Covered (level 3, -3/29 HPs)
             Began as a Human Fighter on Apr 10, 2022.
             Slain by a gnoll
             ... wielding a +0 flail
              (6 damage)
             ... on level 2 of the Dungeon.
             The game lasted 00:02:14 (1030 turns).

seaoflcl the Covered (Human Fighter)                Turns: 1030, Time: 00:02:14

Health: -3/29      AC:  6    Str: 18    XL:     3   Next: 75%
Magic:  3/3        EV:  9    Int:  8    God:
Gold:   37         SH:  4    Dex: 12    Spells: 2/2 levels left

rFire   . . .      SeeInvis .   a - +0 long sword
rCold   . . .      Faith    .   c - +0 buckler
rNeg    . . .      Spirit   .   b - +0 scale mail
rPois   .          Reflect  .   (no helmet)
rElec   .          Harm     .   (no cloak)
rCorr   .          Rampage  .   (no gloves)
Will    .....                   (no boots)
Stlth   ..........              (no amulet)
HPRegen 0.09/turn               g - ring of wizardry
MPRegen 0.08/turn               (no ring)

@: no status effects
A: no striking features
a: no special abilities


You were on level 2 of the Dungeon.
You visited 1 branch of the dungeon, and saw 2 of its levels.

You collected 37 gold pieces.

Inventory:

Hand Weapons
 a - a +0 long sword (weapon)
 j - a +0 hunting sling
Missiles
 k - 23 sling bullets
Armour
 b - a +0 scale mail (worn)
 c - a +0 buckler (worn)
Jewellery
 g - a ring of wizardry (left hand)
Scrolls
 f - 2 scrolls of identify {unknown}
 i - a scroll of enchant weapon {unknown}
Potions
 d - a potion of might
 e - a potion of invisibility {unknown}
 h - a potion of curing {unknown}


   Skills:
 + Level 3.3 Fighting
 + Level 2.6 Long Blades
 + Level 3.4 Armour
 + Level 0.1 Dodging
 + Level 3.2 Shields


You had 2 spell levels left.
You didn't know any spells.
Your spell library contained the following spells:

 Spells                   Type           Power      Damage    Failure   Level
 Animate Skeleton         Necr           0%         N/A       54%         1
 Beastly Appendage        Tmut           0%         N/A       54%         1
 Pain                     Necr           0%         1d4       54%         1
 Ensorcelled Hibernation  Hex/Ice        0%         N/A       69%         2
 Wereblood                Tmut           0%         N/A       69%         2
 Spider Form              Tmut/Pois      0%         N/A       88%         3
 Vampiric Draining        Necr           0%         2d6       88%         3
 Anguish                  Hex/Necr       0%         N/A       99%         4


Dungeon Overview and Level Annotations

Branches:
Dungeon (2/15)

Altars:


Message History

You don't know any spells.
Okay, then.
Memorise Animate Skeleton, consuming 1 spell level and leaving 1?
Okay, then.
You don't know any spells.
You don't know any spells.
You start resting.
HP restored.
A gnoll comes into view. It is wielding a +0 flail.
A gnoll comes into view. It is wielding a +0 flail.
The gnoll shouts!
You hear a shout!
The gnoll closely misses you.
You slash the gnoll!
The gnoll is almost dead.
You block the gnoll's attack.
You hit the gnoll but do no damage.
The gnoll is almost dead.
The gnoll hits you with a +0 flail!
You hit the gnoll.
You kill the gnoll!
A gnoll comes into view. It is wielding a +0 club.
Things that are here:
a +0 flail; a gnoll corpse You hit the gnoll but do no damage.
The gnoll hits you but does no damage. The gnoll hits you with a +0 flail!
You are too injured to fight recklessly!
You are too injured to fight recklessly!
You are too injured to fight recklessly!
You are too injured to fight recklessly!
You hit the gnoll.
The gnoll is heavily wounded.
The gnoll completely misses you.
You hit the gnoll but do no damage.
The gnoll is heavily wounded.
The gnoll hits you with a +0 flail!
* * * LOW HITPOINT WARNING * * *
You closely miss the gnoll.
The gnoll is heavily wounded.
The gnoll hits you with a +0 flail.
You die...

# #. ..
#. #. .#
.##.##.#
.....g#
.....#
#....#
#.g..# #
#.@..#
#.##.#.#
#......#
####.###
#.# #.###
#...##
##...##
##.....##


You could see 2 gnolls.

Vanquished Creatures
  An adder (D:2)
  A gnoll (D:2)
  A dart slug (D:1)
  2 bats (D:1)
  2 endoplasms (D:1)
  A giant cockroach (D:1)
  4 goblins
  A kobold (D:1)
  A quokka (D:1)
  2 ball pythons (D:1)
  A frilled lizard (D:1)
  2 rats (D:1)
19 creatures vanquished.

Notes
Turn   | Place    | Note
-------+----------+-------------------------------------------
     0 | D:1      | seaoflcl the Human Fighter began the quest for the Orb.
     0 | D:1      | Reached XP level 1. HP: 18/18 MP: 1/1
    40 | D:1      | Found a faded altar of an unknown god.
    68 | D:1      | Reached XP level 2. HP: 12/24 MP: 2/2
   876 | D:1      | Reached XP level 3. HP: 29/29 MP: 3/3
  1030 | D:2      | Slain by a gnoll

Illustrated notes

Levels and vault maps discovered:
D:1:      mainiacjoe_arrival_reflecting_pool, layout_loops_ring,
          shapermc_ecumenical_altar_starsandcircs,
          chequers_serial_rivers_micro_c, minmay_3d_cube
D:2:      layout_loops_cross, uniq_sigmund

Action                   || total
-------------------------++-------
Melee: Long sword        ||    59
Armor: Scale mail        ||    31
Dodge: Dodged            ||    28
Block: Buckler           ||    13
